 Dungeon Crawl Stone Soup version 0.25-a0-316-gd28d56f9c5 (webtiles) character file.

Game seed: 4104886579064877903, levelgen mode: classic

27384 Borgoz the Cleaver (level 13, -2/80 HPs)
             Began as a Gargoyle Fighter on Dec 25, 2019.
             Was a High Priest of Okawaru.
             Killed from afar by a hell hound (5 damage)
             ... with a blast of flame
             ... led by Azrael
             ... on level 14 of the Dungeon.
             The game lasted 00:24:40 (12890 turns).

Borgoz the Cleaver (Gargoyle Fighter)              Turns: 12890, Time: 00:24:40

Health: -2/80      AC: 31    Str: 25    XL:     13   Next: 32%
Magic:  19/19      EV: 17    Int: 10    God:    Okawaru [*****.]
Gold:   898        SH:  0    Dex: 13    Spells: 8/12 levels left

rFire    + . .     SeeInvis .   a - +2 hand axe (elec)
rCold    + . .     Gourm    .   c - +0 shield
rNeg     + + .     Faith    .   q - +4 scale mail
rPois    ∞         Spirit   .   F - +2 hat
rElec    +         Reflect  +   (no cloak)
rCorr    +         Harm     .   C - +0 pair of gloves
MR       .....                  P - +2 pair of boots {run}
Stlth    ..........             h - +6 amulet of reflection
HPRegen  0.23/turn              D - ring of positive energy (curse)
MPRegen  0.16/turn              n - +5 ring of strength

@: confused, resistant, heroism, quick
A: negative energy resistance 1, electricity resistance, unbreathing,
petrification resistance, rot immunity, AC +9
a: Heroism, Finesse, Renounce Religion


You were on level 14 of the Dungeon.
You worshipped Okawaru.
Okawaru was extremely pleased with you.
You were not hungry.

You visited 1 branch of the dungeon, and saw 14 of its levels.

You collected 958 gold pieces.
You spent 60 gold pieces at shops.

Inventory:

Hand Weapons
 a - a +2 hand axe of electrocution (weapon)
 b - a +1 flail of draining
 K - a +2 battleaxe
Missiles
 I - 2 throwing nets (quivered)
Armour
 c - a +0 shield (worn)
 q - a +4 scale mail (worn)
 C - a +0 pair of gloves (worn)
 E - the +3 leather armour "Zocloacvyn" {*Slow MR+ Str+4}
   (You found it on level 11 of the Dungeon)

   It affects your strength (+4).
   It affects your resistance to hostile enchantments.
   It may slow you when you take damage.
 F - a +2 hat (worn)
 J - the +5 robe of Misfortune {*Contam Harm *Corrode *Drain *Slow EV+5}
   (You found it on level 10 of the Dungeon)

   It affects your evasion (+5).
   It causes magical contamination when unequipped.
   It may corrode you when you take damage.
   It causes draining when unequipped.
   It may slow you when you take damage.
   It increases damage dealt and taken.
 P - a +2 pair of boots of running (worn)
 R - the +2 buckler of Qiynwet {rCorr Int+8 Dex-3 Slay-6}
   (Okawaru gifted it to you on level 13 of the Dungeon)

   It affects your intelligence (+8).
   It affects your dexterity (-3).
   It affects your accuracy and damage with ranged weapons and melee attacks
   (-6).
   It provides partial protection from all sources of acid and corrosion.
Jewellery
 h - a +6 amulet of reflection (around neck)
 n - a +5 ring of strength (right hand)
 t - an uncursed ring of protection from magic
 D - a cursed ring of positive energy (left hand)
 H - an uncursed ring of flight
 T - an uncursed ring of see invisible
Wands
 e - a wand of iceblast (6)
 o - a wand of digging (6)
 L - a wand of polymorph (12)
 O - a wand of acid (9)
 Q - a wand of paralysis (11)
Scrolls
 k - 2 scrolls of teleportation
 u - 2 scrolls of magic mapping
 w - 4 scrolls of remove curse
 x - 3 scrolls of identify
 y - 3 scrolls of blinking
 A - 4 scrolls of enchant weapon {unknown}
 B - a scroll of enchant armour
 G - a scroll of silence {unknown}
 M - 5 scrolls of fear
 N - a scroll of acquirement {unknown}
Potions
 d - 4 potions of might
 g - a potion of resistance
 i - 2 potions of haste
 j - a potion of ambrosia
 l - a potion of brilliance
 m - 2 potions of magic
 p - 4 potions of agility
 r - 10 potions of curing
 s - 3 potions of mutation
 v - 2 potions of lignification
 S - a potion of flight {unknown}
Comestibles
 f - 23 rations
 z - 29 chunks of flesh


   Skills:
 + Level 9.5(14.5) Fighting
 * Level 12.1(17.1) Axes
 + Level 10.8(15.8) Armour
 + Level 8.7(13.7) Dodging
 - Level 3.2(8.2) Shields
 + Level 8.8 Invocations


You had 8 spell levels left.
You knew the following spells:

 Your Spells              Type           Power        Failure   Level  Hunger
a - Confusing Touch       Hex            #.....       86%         1    ##.....
b - Confuse               Hex            #.......     99%         3    ####...

Your spell library contained the following spells:

 Spells                   Type           Power        Failure   Level  Hunger
 Animate Skeleton         Necr           N/A          86%         1    ##.....
 Apportation              Tloc           #.....       86%         1    ##.....
 Beastly Appendage        Tmut           #.....       86%         1    ##.....
 Sting                    Tmut/Pois      #...         86%         1    ##.....
 Summon Small Mammal      Summ           #...         86%         1    ##.....
 Poisonous Vapours        Pois/Air       #.....       94%         2    ###....
 Sticks to Snakes         Tmut           #.......     94%         2    ###....
 Gell's Gravitas          Tloc           #.........   99%         3    ####...
 Ignite Poison            Fire/Tmut/Pois #.......     99%         3    ####...
 Mephitic Cloud           Conj/Pois/Air  #.......     99%         3    ####...
 Spider Form              Tmut/Pois      #.........   99%         3    ####...
 Ice Form                 Ice/Tmut       #.......     100%        4    #####..
 Olgreb's Toxic Radiance  Pois           #.......     100%        4    #####..
 Petrify                  Tmut/Erth      #.......     100%        4    #####..
 Blade Hands              Tmut           #.........   100%        5    ######.
 Bolt of Magma            Conj/Fire/Erth #.........   100%        5    ######.
 Iskenderun's Battlesphe  Conj/Chrm      #.......     100%        5    ######.
 Metabolic Englaciation   Hex/Ice        #.........   100%        5    ######.
 Yara's Violent Unravell  Hex/Tmut       #.........   100%        5    ######.
 Freezing Cloud           Conj/Ice/Air   #.........   100%        6    #######
 Iron Shot                Conj/Erth      #.........   100%        6    #######
 Ozocubu's Refrigeration  Ice            #.........   100%        6    #######
 Simulacrum               Ice/Necr       #.........   100%        6    #######
 Orb of Destruction       Conj           #.........   100%        7    #######
 Spellforged Servitor     Conj/Summ      #.........   100%        7    #######


Dungeon Overview and Level Annotations

Branches:
Dungeon (14/15)            Temple (0/1) D:7            Lair (0/6) D:9
    Orc (0/2) D:11
 Vaults: D:13-14

Altars:
Ashenzari
Cheibriados
Elyvilon
Fedhas
Kikubaaqudgha
Nemelex Xobeh
Okawaru
Qazlal
Ru
Trog
Zin
Beogh

Shops:
D:4 ?   D:11 ![(**

Annotations:
D:9 3 runed translucent doors, Borgoz's ghost, journeyman KoGl
D:12 exclusion: ice statue
D:14 Azrael


Innate Abilities, Weirdness & Mutations

You are resistant to torment.
Your stone body is resilient. (AC +9)
You are immune to poison.
You resist negative energy. (rN+)
You are resistant to electric shocks. (rElec)
You can survive without breathing.
You are immune to petrification.
You are immune to rotting.


Message History

You feel invigorated. The hell hound barely misses you. x2
Azrael gestures at you.
The fireball explodes!
The fireball engulfs you! You resist.
* * * LOW HITPOINT WARNING * * *
The fireball engulfs the hell hound.
The hell hound completely resists.
The fireball engulfs the hell hound.
The hell hound completely resists.
The hell hound misses you. The hell hound closely misses you.
Unknown command.
You hit the hell hound but do no damage.
Lightning courses through the hell hound!
The hell hound is heavily wounded.
You hit the hell hound but do no damage.
Lightning courses through the hell hound!
Azrael gestures at you. The bolt of fire hits you! You resist.
* * * LOW HITPOINT WARNING * * *
The hell hound misses you. The hell hound breathes flames at you.
The blast of flame hits you. You resist.
You die...

.#####...
........#
........#
........#
........#
.......p#
.....shh#####
.....R†@....#
.#######....#
#.....'....#
...####....#
#.......#
#.......#
#.......#
#.......#
#.......#


You could see Azrael, a wizard, 2 hell hounds and a scorpion.

Vanquished Creatures
  Harold (D:10)
  An ice dragon (D:12)
  6 hydras
  Erica (D:10)
  A centaur warrior (D:14)
  3 unseen horrors
  A wizard (D:14)
  A deep elf mage (D:12)
  A cyclops (D:13)
  3 manticores
  2 gargoyles
  2 centaur skeletons
  A kobold demonologist (D:11)
  A troll (shapeshifter) (D:11)
  A merfolk (D:9)
  5 trolls
  A polar bear (D:12)
  9 hippogriffs
  A shadow (D:13)
  14 yaks
  2 fire elementals (D:14)
  3 wraiths
  3 basilisks
  3 hungry ghosts
  A soldier ant (D:11)
  Duvessa (D:6)
  2 hell hounds (D:14)
  2 two-headed ogre zombies (D:11)
  A water moccasin (D:11)
  15 ice beasts
  5 orc warriors
  A sky beast (D:11)
  A black bear (D:11)
  4 phantoms
  A necrophage (D:11)
  An ogre (D:5)
  11 centaurs
  A big kobold (D:7)
  A crocodile (D:11)
  6 bullfrogs
  2 gnoll sergeants (D:7)
  Dowan (D:6)
  2 scorpions
  12 killer bees
  13 wights
  A jelly (D:13)
  9 howler monkeys
  2 quasits
  4 bullfrog zombies
  4 hounds
  3 centaur zombies
  3 orc priests
  3 bullfrog skeletons
  5 orc wizards
  Natasha (D:2)
  10 worker ants
  6 ogre zombies (D:11)
  A hound skeleton (D:4)
  A worker ant zombie (D:10)
  12 adders
  17 gnolls
  A shadow imp (D:11)
  A white imp (D:12)
  An ooze (D:2)
  An adder zombie (D:9)
  7 worms
  3 dart slugs
  3 leopard geckos
  28 orcs
  11 bats
  3 giant cockroaches (D:1)
  8 goblins
  8 hobgoblins
  9 jackals
  8 quokkas
  A ball python (D:2)
  4 frilled lizards
  2 goblin zombies (D:11)
  2 hobgoblin skeletons (D:11)
  4 hobgoblin zombies (D:11)
  8 kobolds
  A leopard gecko zombie (D:5)
  2 orc skeletons (D:11)
  15 orc zombies (D:11)
  A quokka zombie (D:7)
  10 rats
  A plant (D:11)
  4 toadstools (D:1)
380 creatures vanquished.

Vanquished Creatures (others)
  A centaur (D:6)
1 creature vanquished.

Grand Total: 381 creatures vanquished

Notes
Turn   | Place    | Note
-------+----------+-------------------------------------------
     0 | D:1      | Borgoz the Gargoyle Fighter began the quest for the Orb.
     0 | D:1      | Reached XP level 1. HP: 14/14 MP: 1/1
    59 | D:1      | Reached skill level 2 in Axes
    85 | D:1      | Reached XP level 2. HP: 19/19 MP: 2/2
   160 | D:1      | Reached skill level 1 in Dodging
   313 | D:1      | Reached XP level 3. HP: 23/23 MP: 3/3
  1004 | D:2      | Reached XP level 4. HP: 27/28 MP: 4/4
  1113 | D:2      | Noticed Natasha
  1134 | D:2      | Killed Natasha
  1602 | D:3      | Noticed an ice beast
  1618 | D:3      | Killed an ice beast
  1618 | D:3      | Reached skill level 3 in Axes
  1618 | D:3      | Reached XP level 5. HP: 24/32 MP: 5/5
  1811 | D:3      | Found a sacrificial altar of Ru.
  2067 | D:3      | Found an iron altar of Okawaru.
  2126 | D:3      | Found a white marble altar of Elyvilon.
  2248 | D:3      | Found an ancient bone altar of Kikubaaqudgha.
  2273 | D:3      | Reached XP level 6. HP: 30/37 MP: 6/6
  2605 | D:3      | Became a worshipper of Warmaster Okawaru
  2678 | D:4      | Reached skill level 4 in Axes
  2759 | D:4      | Found a stormy altar of Qazlal.
  2787 | D:4      | Found a blossoming altar of Fedhas.
  2796 | D:4      | Noticed a water elemental
  2799 | D:4      | Noticed an air elemental
  2800 | D:4      | Noticed a fire elemental
  2905 | D:4      | Found Archicve's Magic Scroll Boutique.
  2916 | D:4      | Bought a scroll of identify for 20 gold pieces
  2916 | D:4      | Bought a scroll of identify for 20 gold pieces
  2916 | D:4      | Bought a scroll of identify for 20 gold pieces
  3509 | D:4      | Reached XP level 7. HP: 41/41 MP: 7/7
  3608 | D:4      | Found a glowing silver altar of Zin.
  3872 | D:5      | Entered Level 5 of the Dungeon
  4218 | D:5      | Reached skill level 5 in Armour
  4301 | D:5      | Reached skill level 5 in Axes
  4614 | D:5      | Reached * piety under Okawaru
  4614 | D:5      | Reached XP level 8. HP: 42/46 MP: 8/8
  5183 | D:6      | Reached skill level 6 in Axes
  5183 | D:6      | Reached skill level 5 in Dodging
  5214 | D:6      | Noticed a moth of wrath
  5217 | D:6      | Found a bloodstained altar of Trog.
  5422 | D:6      | Noticed Duvessa
  5437 | D:6      | Killed Duvessa
  5437 | D:6      | Reached ** piety under Okawaru
  5437 | D:6      | Reached skill level 1 in Invocations
  5443 | D:6      | Noticed Dowan
  5447 | D:6      | Killed Dowan
  5477 | D:6      | Noticed a hippogriff
  5486 | D:6      | Killed a hippogriff
  5486 | D:6      | Reached XP level 9. HP: 45/52 MP: 8/10
  5936 | D:7      | Reached skill level 7 in Axes
  5968 | D:7      | Reached *** piety under Okawaru
  6016 | D:7      | Learned a level 1 spell: Confusing Touch
  6039 | D:7      | Found a sparkling altar of Nemelex Xobeh.
  6182 | D:7      | You fall into a shaft and drop 2 floors!
  6234 | D:9      | Found a shattered altar of Ashenzari.
  6736 | D:7      | Found a staircase to the Ecumenical Temple.
  6950 | D:8      | Reached skill level 5 in Fighting
  6974 | D:8      | Reached **** piety under Okawaru
  6983 | D:8      | Noticed a manticore
  6993 | D:8      | Killed a manticore
  6993 | D:8      | Reached skill level 8 in Axes
  6993 | D:8      | Reached XP level 10. HP: 38/59 MP: 11/13
  7027 | D:8      | Found a snail-covered altar of Cheibriados.
  7645 | D:9      | Found a staircase to the Lair.
  7799 | D:9      | Found a runed translucent gate.
  7802 | D:9      | Noticed Borgoz's ghost (journeyman KoGl)
  7832 | D:9      | Identified the +5 chain mail of the Thirsty Demons {Str+2}
  7833 | D:9      | Found a runed translucent gate.
  7834 | D:9      | Found a runed translucent gate.
  7841 | D:9      | Found a roughly hewn altar of Beogh.
  8094 | D:9      | Found the +3 crown of Dyrovepreva {rElec Int+2 SInv}
  8112 | D:10     | Entered Level 10 of the Dungeon
  8140 | D:10     | Noticed a gargoyle
  8164 | D:10     | Reached ***** piety under Okawaru
  8172 | D:10     | Killed a gargoyle
  8301 | D:10     | Found the +5 robe of Misfortune {*Contam Harm *Corrode
                  | *Drain *Slow EV+5}
  8400 | D:10     | Noticed Erica
  8422 | D:10     | Killed Erica
  8422 | D:10     | Received a gift from Okawaru
  8422 | D:10     | Reached skill level 9 in Axes
  8422 | D:10     | Reached skill level 5 in Invocations
  8491 | D:10     | Noticed Harold
  8514 | D:10     | Killed Harold
  8514 | D:10     | Reached XP level 11. HP: 33/66 MP: 12/15
  8797 | D:10     | Learned a level 3 spell: Confuse
  8910 | D:11     | Found Rearch's Armour Shop.
  8921 | D:11     | Found Akhep's Distillery.
  9034 | D:11     | Found Ujuurid's General Store.
  9148 | D:11     | Killed an unseen horror
  9224 | D:11     | Reached skill level 10 in Axes
  9462 | D:11     | Found Tioril's Assorted Antiques.
  9465 | D:11     | Noticed a manticore
  9476 | D:11     | Killed a manticore
  9575 | D:11     | Found a staircase to the Orcish Mines.
  9684 | D:11     | Received a gift from Okawaru
  9708 | D:11     | Identified a +2 pair of boots of running (Okawaru gifted it
                  | to you on level 11 of the Dungeon)
  9718 | D:11     | Found Uplik's Weapon Emporium.
  9756 | D:11     | Got a faintly glowing leather armour
  9767 | D:11     | Identified the +3 leather armour "Zocloacvyn" {*Slow MR+
                  | Str+4} (You found it on level 11 of the Dungeon)
 10119 | D:12     | Noticed an ice dragon
 10120 | D:12     | Found the +2 ratskin cloak {+Rats rPois rN+ Str-1 Int-1
                  | Dex+1}
 10138 | D:12     | Reached XP level 12. HP: 52/73 MP: 14/17
 10150 | D:12     | Killed an ice dragon
 10462 | D:12     | Noticed a five-headed hydra
 10479 | D:12     | Killed a seven-headed hydra
 10594 | D:12     | Noticed a six-headed hydra
 10604 | D:12     | Killed an eight-headed hydra
 10604 | D:12     | Reached skill level 11 in Axes
 11147 | D:12     | Noticed an eight-headed hydra
 11164 | D:12     | Killed an eight-headed hydra
 11164 | D:12     | Reached skill level 10 in Armour
 11761 | D:13     | Noticed an eight-headed hydra
 11775 | D:13     | Killed an eight-headed hydra
 11775 | D:13     | Received a gift from Okawaru
 11779 | D:13     | Got a fine buckler {god gift}
 11790 | D:13     | Identified the +2 buckler of Qiynwet {rCorr Int+8 Dex-3
                  | Slay-6} (Okawaru gifted it to you on level 13 of the
                  | Dungeon)
 11939 | D:13     | Noticed a four-headed hydra
 11955 | D:13     | Killed a four-headed hydra
 12220 | D:13     | Found an ancient bone altar of Kikubaaqudgha.
 12360 | D:13     | Noticed a four-headed hydra
 12370 | D:13     | Killed a four-headed hydra
 12370 | D:13     | Reached XP level 13. HP: 64/80 MP: 19/19
 12696 | D:14     | Reached skill level 12 in Axes
 12867 | D:14     | Noticed Azrael
 12890 | D:14     | HP: 3/80 [Azrael/bolt of fire (12)]
 12890 | D:14     | Killed from afar by a hell hound

Levels and vault maps discovered:
D:1:      ldierk_water_garden, layout_loops_cross
D:2:      layout_basic, first_ration, uniq_natasha
D:3:      layout_loops_ring, lemuel_doored_altar,
          nicolae_ru_sacrificial_ziggurat, elyvilon_altar_3,
          okawaru_ov_weapons_minmay, moated_statue
D:4:      layout_layer_cave, zin_scriptorium, nicolae_qazlal_style_of_elements,
          serial_shops, nicolae_shop_stone, fedhas_bush_and_centaur_altar
D:5:      layout_basic
D:6:      layout_loops_ring, tgw_trog, uniq_duvessa
D:7:      layout_basic, nemelex_xobeh_ov_fountains_minmay,
          minmay_temple_entry_statues
D:8:      layout_basic, cheibrodos_worm_habitat
D:9:      layout_roguey, nicolae_ashenzari_panopticon, lair_entry_dummy,
          biasface_ghost_orc_armoury, hangedman_fish_farm
D:10:     layout_roguey, kennysheep_generic_room_6, uniq_harold, uniq_erica
D:11:     minmay_octagon_keep, layout_loops_ring, zombieorc2_lemuel,
          serial_shops, nicolae_shop_overgrown_old_shop, shop_fountains,
          shop_fountains, shop, kennysheep_mini_moat
D:12:     layout_basic, ice2_lemuel
D:13:     layout_roguey, basic_altar
D:14:     layout_irregular_city, david_vaults_1, serial_shops,
          nicolae_shop_behind_doors, minmay_orc_keep, uniq_azrael

Skill      XL: |  1  2  3  4  5  6  7  8  9 10 11 12 13 |
---------------+----------------------------------------+-----
Axes           | 2 3 4 5 6 8 9 10 11 12 | 12.1
Dodging        | 1 2 3 4 5 6 7 8 |  8.7
Armour         | 4 5 6 7 8 9 10 | 10.8
Invocations    | 1 4 5 7 8 |  8.8
Fighting       | 5 6 7 9 |  9.5
Shields        | |  3.2

Action                   |  1- 3 |  4- 6 |  7- 9 | 10-12 | 13-15 || total
-------------------------+-------+-------+-------+-------+-------++-------
Melee: War axe           |   122 |   153 |   161 |       |       ||   436
       Hand axe          |       |       |   201 |   653 |   118 ||   972
       Unarmed           |       |       |       |    17 |       ||    17
       Flail             |       |       |       |    55 |     1 ||    56
Throw: Throwing net      |       |       |       |     2 |       ||     2
Invok: Heroism           |       |       |       |     8 |     2 ||    10
  Use: Scroll            |     7 |     6 |     6 |     1 |       ||    20
       Potion            |       |     5 |       |     2 |     2 ||     9
 Stab: Held in net/web   |       |       |       |     2 |       ||     2
       Distracted        |       |       |       |       |     1 ||     1
  Eat: Chunk             |     1 |     8 |    11 |    19 |     3 ||    42
       Ration            |       |       |       |     1 |       ||     1
Armor: Scale mail        |    67 |   107 |   118 |   345 |    38 ||   675
Dodge: Dodged            |    41 |    66 |   106 |   295 |    49 ||   557
Block: Shield            |    71 |   130 |   307 |   607 |    85 ||  1200
       Reflection        |       |     2 |     7 |     8 |     8 ||    25
       Other             |       |       |       |     9 |       ||     9

Table legend:
 A = Non-vault XP
 B = Vault XP
 C = Vault XP percentage of total XP
 D = Non-vault monster count
 E = Vault monster count
 F = Vault count percentage of total count
                 A         B        C        D         E       F
            +---------+---------+-------+---------+---------+-------
      Total |   27859 |   11261 |  28.8 |     285 |      91 |  24.2
            +---------+---------+-------+---------+---------+-------
        D:1 |      47 |       0 |   0.0 |      27 |       0 |   0.0
        D:2 |      60 |       9 |  13.0 |      16 |       1 |   5.9
        D:3 |     259 |       0 |   0.0 |      16 |       0 |   0.0
        D:4 |     155 |     106 |  40.6 |      14 |       1 |   6.7
        D:5 |     654 |       0 |   0.0 |      15 |       0 |   0.0
        D:6 |    1015 |     243 |  19.3 |      16 |       7 |  30.4
        D:7 |    1330 |       0 |   0.0 |      43 |       0 |   0.0
        D:8 |    1561 |       5 |   0.3 |      16 |       1 |   5.9
        D:9 |     358 |     301 |  45.7 |       9 |       1 |  10.0
       D:10 |    2045 |    2098 |  50.6 |      28 |       3 |   9.7
       D:11 |    3216 |    3911 |  54.9 |      22 |      50 |  69.4
       D:12 |    5603 |    2602 |  31.7 |      21 |      13 |  38.2
       D:13 |    8411 |       0 |   0.0 |      31 |       0 |   0.0
       D:14 |    3145 |    1986 |  38.7 |      11 |      14 |  56.0
            +---------+---------+-------+---------+---------+-------
